 Dungeon Crawl Stone Soup version 0.24.0-13-gcf9b3192b9 (webtiles) character file.

Game seed: 9983044784338117865, levelgen mode: deterministic

657 PentaManta the Sneak (level 7, -3/40 HPs)
             Began as a Kobold Assassin on Nov 10, 2019.
             Killed by divine providence
             ... invoked by an orc priest
              (15 damage)
             ... on level 3 of the Dungeon.
             The game lasted 00:11:59 (4536 turns).

PentaManta the Sneak (Kobold Assassin)              Turns: 4536, Time: 00:12:00

Health: -3/40      AC:  3    Str:  8    XL:     7   Next: 85%
Magic:  7/7        EV: 20    Int: 12    God:
Gold:   201        SH:  0    Dex: 19    Spells: 6/6 levels left

rFire    . . .     SeeInvis .   a - +2 dagger
rCold    . . .     Gourm    .   (shield restricted)
rNeg     . . .     Faith    .   b - +0 robe
rPois    .         Spirit   .   (no helmet)
rElec    .         Reflect  .   c - +0 cloak
rCorr    .         Harm     .   (no gloves)
MR       .....                  (no boots)
Stlth    ++++......             (no amulet)
HPRegen  0.13/turn              (no ring)
MPRegen  0.10/turn              (no ring)

@: no status effects
A: small, carnivore
a: no special abilities


You were on level 3 of the Dungeon.
You were completely stuffed.

You visited 1 branch of the dungeon, and saw 4 of its levels.

You collected 201 gold pieces.

Inventory:

Hand Weapons
 a - a +2 dagger (weapon)
Missiles
 d - 24 poisoned darts
 e - 2 curare-tipped darts
 q - a throwing net (quivered)
 s - 3 boomerangs
Armour
 b - a +0 robe (worn)
 c - a +0 cloak (worn)
 n - a +0 buckler
 t - a +0 leather armour
Wands
 o - a wand of iceblast (7)
Scrolls
 g - 2 scrolls of magic mapping {unknown}
 h - a scroll of identify {unknown}
 i - 5 scrolls of remove curse {unknown}
 j - a scroll of blinking {unknown}
 m - 2 scrolls of teleportation {unknown}
 p - 2 scrolls of immolation {unknown}
 r - 2 scrolls of random uselessness {unknown}
 w - a scroll of amnesia {unknown}
Potions
 k - 3 potions of heal wounds
 l - a potion of degeneration {unknown}
 u - 2 potions of brilliance {unknown}
 v - a potion of flight {unknown}
Comestibles
 f - 10 rations


   Skills:
 - Level 2.1 Fighting
 + Level 5.8 Short Blades
 - Level 2.1 Throwing
 * Level 6.8 Dodging
 + Level 7.8 Stealth


You had 6 spell levels left.
You didn't know any spells.
Your spell library was empty.

Dungeon Overview and Level Annotations

Branches:
Dungeon (4/15)
 Temple: D:4-7

Altars:
Fedhas
Okawaru
The Shining One


Innate Abilities, Weirdness & Mutations

You are small and have problems with some larger weapons.
You are carnivorous and can eat meat at any time.


Message History

Quiver which item? (- for none, * to show all) (? for menu, Esc to quit)
Quivering
q - 2 throwing nets for throwing.
Throwing (i - inventory. (/) - cycle)
q - 2 throwing nets (quivered)
Press: ? - help, Shift-Dir - straight line, f/p - orc priest
Aim: an orc priest, wielding a +0 club and wearing a +0 ring mail (severely wounded, poisoned)
You throw a throwing net. The throwing net hits the orc priest.
The orc priest is caught in the net!
The orc priest is severely wounded.
The orc priest struggles against the net.
You hit the orc priest but do no damage.
The orc priest is severely wounded.
The orc priest struggles against the net.
You hit the orc priest but do no damage.
The orc priest is severely wounded.
The orc priest looks more healthy.
You hit the orc priest.
The orc priest is almost dead.
The orc priest mumbles some strange prayers to Beogh against you.
Beogh smites you!
You die...

#............
#.....###>..#
#..........#.
#......#...#.
###########.#.....
#...............#.
#.................
#.o.........###..#
#@..........###.##
#[................
#..........#....##
#..........#......
#..........#######
#..........#
#..........#
############


You could see an orc priest (caught).

Vanquished Creatures
  3 ogres
  An orc priest (D:2)
  An orc wizard (D:3)
  Natasha (thrice) (D:3)
  A worker ant (D:4)
  12 adders
  An ooze (D:3)
  2 worms
  2 dart slugs (D:2)
  4 leopard geckos
  16 orcs
  A giant cockroach (D:1)
  9 goblins
  9 hobgoblins
  15 jackals
  A quokka (D:3)
  4 ball pythons
  10 bats
  3 frilled lizards (D:2)
  11 kobolds
  9 rats
118 creatures vanquished.

Notes
Turn   | Place    | Note
-------+----------+-------------------------------------------
     0 | D:1      | PentaManta the Kobold Assassin began the quest for the Orb.
     0 | D:1      | Reached XP level 1. HP: 12/12 MP: 1/1
    63 | D:1      | Reached XP level 2. HP: 11/17 MP: 2/2
   522 | D:1      | Reached XP level 3. HP: 21/21 MP: 3/3
   758 | D:1      | Found a glowing golden altar of the Shining One.
  1378 | D:2      | Reached XP level 4. HP: 25/26 MP: 4/4
  1468 | D:2      | Reached skill level 6 in Stealth
  1643 | D:2      | Found a faded altar of an unknown god.
  1806 | D:2      | Reached XP level 5. HP: 30/30 MP: 5/5
  1995 | D:2      | Noticed an ogre
  2002 | D:2      | Killed an ogre
  2002 | D:2      | Reached XP level 6. HP: 35/35 MP: 6/6
  2129 | D:2      | Reached skill level 5 in Dodging
  3113 | D:3      | Noticed Natasha
  3125 | D:3      | Killed Natasha
  3125 | D:3      | Reached skill level 7 in Stealth
  3153 | D:3      | Found a blossoming altar of Fedhas.
  3310 | D:3      | Reached skill level 5 in Short Blades
  3326 | D:3      | Noticed Natasha
  3334 | D:3      | Killed Natasha
  3334 | D:3      | Reached XP level 7. HP: 23/40 MP: 7/7
  3500 | D:3      | Noticed Natasha
  3516 | D:3      | Killed Natasha
  3783 | D:3      | Found an iron altar of Okawaru.
  4536 | D:3      | Killed from afar by an orc priest

Levels and vault maps discovered:
D:1:      dpeg_arrival_ratfight, layout_basic, minmay_misc_feat_secret_circle,
          tso_metal_star
D:2:      minmay_wonky_spiral, layout_loops_ring,
          chequers_ecumenical_altar_island
D:3:      layout_rooms, okawaru_ov_weapons_minmay, first_ration, fedhas_altar_3,
          uniq_natasha
D:4:      layout_cave_pools, uniq_duvessa

Skill      XL: |  1  2  3  4  5  6  7 |
---------------+----------------------+-----
Short Blades   | 3 4 5 |  5.8
Dodging        | 2 3 4 5 6 |  6.8
Stealth        | 6 7 |  7.8
Fighting       | |  2.1
Throwing       | |  2.1

Action                   |  1- 3 |  4- 6 |  7- 9 || total
-------------------------+-------+-------+-------++-------
Melee: Dagger            |   117 |   257 |   148 ||   522
Throw: Dart              |       |     6 |    11 ||    17
       Boomerang         |       |     4 |     6 ||    10
       Throwing net      |       |       |     1 ||     1
  Use: Potion            |       |     1 |       ||     1
 Stab: Sleeping          |    10 |     7 |     6 ||    23
       Distracted        |       |     1 |       ||     1
  Eat: Chunk             |     8 |     7 |     5 ||    20
Armor: Robe              |    14 |    26 |    14 ||    54
Dodge: Dodged            |    69 |   211 |   119 ||   399
